 Dungeon Crawl Stone Soup version 0.25.0-9-g26727b657a (webtiles) character file.

Game seed: 17591449605406696395

20935 MordorOrchid the Grappler (level 12, -1/113 HPs)
             Began as a Troll Monk on June 19, 2020.
             Was an Elder of Cheibriados.
             Slain by a two-headed ogre
             ... wielding a +0 giant club
              (8 damage)
             ... on level 12 of the Dungeon.
             The game lasted 00:49:20 (9416 turns).

MordorOrchid the Grappler (Troll Monk)              Turns: 9416, Time: 00:49:21

Health: -1/113     AC:  8    Str: 38    XL:     12   Next: 49%
Magic:  11/23      EV: 15    Int: 20    God:    Cheibriados [****..]
Gold:   265        SH: 21    Dex: 22    Spells: 7/12 levels left

rFire    . . .     SeeInvis .     - Unarmed
rCold    . . .     Gourm    +   m - +0 tower shield
rNeg     . . .     Faith    .   C - +2 robe
rPois    .         Spirit   .   (helmet restricted)
rElec    .         Reflect  .   (no cloak)
rCorr    .         Harm     .   (gloves unavailable)
MR       .....                  (boots unavailable)
Stlth    ++........             (no amulet)
HPRegen  0.68/turn              h - ring of magical power
MPRegen  0.18/turn              o - +6 ring of strength

@: very slow
A: large, unfitting armour, claws 3, fast metabolism 3, gourmand, regeneration
1, shaggy fur 1, tough skin 3
a: Bend Time, Temporal Distortion, Slouch, Renounce Religion


You were on level 12 of the Dungeon.
You worshipped Cheibriados.
Cheibriados was greatly pleased with you.
You were very full.

You visited 2 branches of the dungeon, and saw 13 of its levels.
You also visited: Bailey and Ice Cave.

You collected 755 gold pieces.
You spent 490 gold pieces at shops.

Inventory:

Hand Weapons
 j - a +0 hunting sling
 W - the +5 rapier of Pandemonium {freeze, +Inv rElec rC- Int-2}
   (You took it off an orc on level 9 of the Dungeon)

   It has been specially enchanted to freeze those struck by it, causing extra
   injury to most foes and up to half again as much damage against particularly
   susceptible opponents.
   It can also slow down cold-blooded creatures.
   It affects your intelligence (-2).
   It makes you vulnerable to cold.
   It insulates you from electricity.
   It lets you turn invisible.
Missiles
 d - 320 stones
 e - 190 arrows
 r - 52 bolts
 t - 50 boomerangs (quivered)
 E - 23 sling bullets
 F - 5 curare-tipped darts
 G - 49 poisoned darts
 P - 5 javelins
 S - 3 throwing nets
Armour
 m - a +0 tower shield (worn)
 C - a +2 robe (worn)
Magical Staves
 l - an uncursed staff of fire
 Y - an uncursed staff of cold
Jewellery
 h - a ring of magical power (left claw)
 o - a +6 ring of strength (right claw)
 H - an uncursed ring of magical power
 R - an uncursed ring of see invisible
 T - an uncursed ring of flight
 Z - an uncursed ring of protection from fire
Wands
 a - a wand of paralysis (7)
 u - a wand of iceblast (12)
 D - a wand of flame (23)
 U - a wand of disintegration (13)
 X - a wand of enslavement (6)
Scrolls
 f - 2 scrolls of remove curse
 g - 2 scrolls of fear
 i - 8 scrolls of teleportation
 n - a scroll of noise
 p - a scroll of immolation
 q - a scroll of magic mapping
 v - a scroll of amnesia
 w - a scroll of enchant armour
 y - a scroll of summoning
 I - a scroll of fog
 J - a scroll of enchant weapon
 K - a scroll of holy word
 L - 2 scrolls of blinking
 M - a scroll of brand weapon
Potions
 c - 5 potions of mutation
 k - 3 potions of brilliance
 s - 4 potions of curing
 x - a potion of stabbing
 A - 2 potions of cancellation
 B - a potion of might
 N - a potion of resistance
 O - a potion of magic
 Q - a potion of ambrosia
Miscellaneous
 V - a box of beasts
Comestibles
 b - 30 rations


   Skills:
 * Level 5.7 Fighting
 - Level 2.1 Throwing
 * Level 7.9 Dodging
 - Level 1.0 Stealth
 * Level 9.6 Shields
 + Level 11.1 Unarmed Combat
 * Level 0.8 Spellcasting
 * Level 1.1 Translocations
 * Level 4.7 Invocations
 * Level 4.5 Evocations


You had 7 spell levels left.
You knew the following spells:

 Your Spells              Type           Power        Failure   Level  Hunger
x - Blink                 Tloc           N/A          50%         2    ###....
A - Confusing Touch       Hex            #.......     86%         3    ####...

Your spell library contained the following spells:

 Spells                   Type           Power        Failure   Level  Hunger
 Infusion                 Chrm           #...         50%         1    ##.....
 Magic Dart               Conj           #...         50%         1    ##.....
 Shroud of Golubria       Chrm/Tloc      #.....       56%         2    ###....
 Call Imp                 Summ           #.......     65%         2    ###....
 Slow                     Hex            #.......     65%         2    ###....
 Song of Slaying          Chrm           #.......     65%         2    ###....
 Gell's Gravitas          Tloc           #.........   73%         3    ####...
 Conjure Flame            Conj/Fire      #.......     86%         3    ####...
 Mephitic Cloud           Conj/Pois/Air  #.......     86%         3    ####...
 Ozocubu's Armour         Chrm/Ice       #.......     86%         3    ####...
 Spectral Weapon          Hex/Chrm       #.......     86%         3    ####...
 Petrify                  Tmut/Erth      #.......     99%         4    #####..
 Metabolic Englaciation   Hex/Ice        #.........   100%        5    ######.
 Yara's Violent Unravell  Hex/Tmut       #.........   100%        5    ######.


Dungeon Overview and Level Annotations

Branches:
Dungeon (12/15)            Temple (1/1) D:7            Lair (0/6) D:11
 Bailey (visited)           IceCv (visited)
    Orc: D:9-12

Altars:
Cheibriados
Elyvilon
Gozag
Kikubaaqudgha
Makhleb
Okawaru
Qazlal
Ru
Wu Jian
Xom
Yredelemnul
The Shining One

Shops:
D:5 [   D:10 ?   D:11 }*([

Annotations:
D:7 3 runed translucent doors, Kagalorn's ghost, novice GnGl; releu's ghost, novice HuEE
D:11 1 runed translucent door, terminal's ghost, novice TrMo


Innate Abilities, Weirdness & Mutations

You are too large for most types of armour.
You have claws for hands.
Your metabolism is lightning-fast.
You like to eat raw meat.
Your natural rate of healing is unusually fast.
You are covered in fur. (AC +1)
You have extremely tough skin. (AC +3)


Message History

* * * LOW HITPOINT WARNING * * *
Unknown command.
You claw the stone giant!
The stone giant is almost dead.
The stone giant hits you!
* * * LOW HITPOINT WARNING * * *
Unknown command.
Okay, then.
The stone giant throws a large rock.
You block the large rock.
You see here 2 large rocks.
You mangle the stone giant!!
You kill the stone giant!
Cheibriados appreciates the change of pace.
Your Translocations skill increases to level 1!
Evoke which item? (* to show all) (? for menu, Esc to quit)
Okay, then.
You scratch the two-headed ogre.
The two-headed ogre is heavily wounded.
The two-headed ogre hits you with a +0 giant club!
You die...

#................^
#...####......#....##
........#
#.......#.....##
...##...#
#.....##.......# #.
#...# #...#...#.....#
. #...#
###.###.#.....# ....#
#.# .......# ##.###
##.####..$...# ..
#..@O(OO.....#
#..####l...(.# #..#
##.###... #..# .O. )
#..# .a%. #.## .....#
?# a#.#.. . O.CJ.(


You could see 3 two-headed ogres and an iguana.

Vanquished Creatures
  A stone giant (D:12)
  Snorg (D:10)
  Harold (D:8)
  4 two-headed ogres
  Urug (D:10)
  Pikel (D:9)
  2 ugly things
  A manticore (D:12)
  Psyche (D:8)
  2 centaur skeletons
  2 gargoyles (D:10)
  2 rime drakes (D:11)
  A kobold demonologist (D:11)
  A troll (D:10)
  A hippogriff (D:11)
  2 hornets
  2 wyverns
  15 yaks
  A vampire (D:12)
  A basilisk (D:12)
  3 hungry ghosts
  A steam dragon (D:11)
  Grum (D:9)
  A soldier ant (D:10)
  6 orc warriors
  A slave (D:9)
  A black bear (D:11)
  7 ice beasts
  2 eyes of draining (D:10)
  A sky beast (D:6)
  4 centaurs
  6 phantoms
  3 wolves (D:9)
  5 ogres
  A crocodile (D:11)
  2 big kobolds
  A wyvern zombie (D:12)
  6 bullfrogs
  3 scorpions
  7 killer bees
  3 howler monkeys (D:11)
  3 crimson imps
  11 hounds
  3 centaur zombies
  A quasit (D:9)
  A bullfrog zombie (D:11)
  15 orc wizards
  8 orc priests
  6 jellies
  2 bullfrog skeletons
  Terence (D:2)
  2 iguanas (D:4)
  9 worker ants
  Natasha (thrice) (D:2)
  4 hound skeletons
  A worker ant zombie (D:5)
  Robin (D:4)
  A howler monkey zombie (D:8)
  3 gnolls (D:7)
  16 adders
  2 shadow imps
  An ooze (D:2)
  4 worms
  2 dart slugs
  6 leopard geckos
  47 orcs
  3 giant cockroaches
  9 hobgoblins
  20 jackals
  24 kobolds
  9 quokkas
  5 ball pythons
  7 bats
  5 frilled lizards
  19 goblins
  A leopard gecko skeleton (D:5)
  8 rats
  A butterfly (D:10)
372 creatures vanquished.

Vanquished Creatures (others)
  A bullfrog zombie (D:9)
  An orc wizard (D:5)
  A goblin (D:4)
  A butterfly (D:9)
  2 withered plants (D:7)
6 creatures vanquished.

Grand Total: 378 creatures vanquished

Notes
Turn   | Place    | Note
-------+----------+-------------------------------------------
     0 | D:1      | MordorOrchid the Troll Monk began the quest for the Orb.
     0 | D:1      | Reached XP level 1. HP: 22/22 MP: 0/0
    75 | D:1      | Reached XP level 2. HP: 29/29 MP: 1/1
   131 | D:1      | Reached XP level 3. HP: 36/36 MP: 2/2
   782 | D:2      | Noticed Natasha
   787 | D:2      | Killed Natasha
   787 | D:2      | Reached skill level 1 in Throwing
   787 | D:2      | Reached skill level 4 in Unarmed Combat
   787 | D:2      | Reached XP level 4. HP: 44/44 MP: 3/3
  1090 | D:2      | Noticed Natasha
  1098 | D:2      | Killed Natasha
  1098 | D:2      | Reached XP level 5. HP: 35/50 MP: 4/4
  1123 | D:2      | Noticed Natasha
  1130 | D:2      | Killed Natasha
  1375 | D:2      | Noticed Terence
  1390 | D:2      | Killed Terence
  1390 | D:2      | Reached skill level 5 in Unarmed Combat
  1625 | D:3      | Reached XP level 6. HP: 49/59 MP: 5/5
  2056 | D:3      | Reached skill level 1 in Shields
  2101 | D:3      | Found a basalt altar of Yredelemnul.
  2437 | D:4      | Noticed Robin
  2697 | D:4      | Killed Robin
  2697 | D:4      | Reached XP level 7. HP: 31/66 MP: 6/6
  2917 | D:4      | Reached skill level 6 in Unarmed Combat
  3696 | D:4      | Reached XP level 8. HP: 68/74 MP: 7/7
  3900 | D:5      | Entered Level 5 of the Dungeon
  4038 | D:5      | Reached skill level 5 in Dodging
  4091 | D:5      | Reached skill level 7 in Unarmed Combat
  4785 | D:5      | Found Keus's Antique Armour Emporium.
  4794 | D:5      | Bought a glowing robe for 66 gold pieces
  5688 | D:7      | Reached XP level 9. HP: 78/80 MP: 8/8
  5701 | D:6      | Reached skill level 8 in Unarmed Combat
  5872 | D:7      | Reached skill level 5 in Shields
  5877 | D:7      | Reached skill level 1 in Evocations
  5888 | D:7      | Found a runed translucent gate.
  5888 | D:7      | Found a runed translucent gate.
  5888 | D:7      | Found a runed translucent gate.
  5891 | D:7      | Noticed Kagalorn's ghost (novice GnGl)
  5891 | D:7      | Noticed releu's ghost (novice HuEE)
  5920 | D:7      | Found an opulent altar of Gozag.
  5920 | D:7      | Found an ornate altar of the Wu Jian Council.
  5925 | D:7      | Found a glowing golden altar of the Shining One.
  5927 | D:7      | Found a sacrificial altar of Ru.
  5928 | D:7      | Found an iron altar of Okawaru.
  6121 | D:7      | Found a staircase to the Ecumenical Temple.
  6134 | Temple   | Entered the Ecumenical Temple
  6195 | Temple   | Became a worshipper of Cheibriados the Contemplative
  6195 | Temple   | Reached * piety under Cheibriados
  6195 | Temple   | Reached ** piety under Cheibriados
  6518 | D:8      | Noticed a two-headed ogre
  6523 | D:8      | Killed a two-headed ogre
  6523 | D:8      | Reached skill level 1 in Invocations
  6525 | D:8      | Noticed Psyche
  6534 | D:8      | Killed Psyche
  6534 | D:8      | Reached XP level 10. HP: 88/91 MP: 10/10
  6575 | D:8      | Found a flagged portal.
  6589 | Bailey   | Entered a bailey
  6594 | Bailey   | Learned a level 3 spell: Confusing Touch
  6679 | Bailey   | Reached *** piety under Cheibriados
  6774 | Bailey   | Found a bloodstained altar of Trog.
  6792 | Bailey   | Got a translucent quarterstaff
  7034 | D:8      | Reached skill level 9 in Unarmed Combat
  7227 | D:8      | Noticed Harold
  7246 | D:8      | Killed Harold
  7382 | D:9      | Identified the +5 rapier of Pandemonium {freeze, +Inv rElec
                  | rC- Int-2}
  7443 | D:9      | Found a burning altar of Makhleb.
  7470 | D:9      | Noticed Pikel
  7488 | D:9      | Killed Pikel
  7495 | D:9      | Found a shimmering altar of Xom.
  7639 | D:10     | Entered Level 10 of the Dungeon
  7676 | D:10     | Found Tyschoz's Magic Scroll Emporium.
  7742 | D:10     | Reached **** piety under Cheibriados
  7744 | D:10     | Noticed Grum
  7753 | D:9      | Reached XP level 11. HP: 99/101 MP: 12/12
  7819 | D:9      | Killed Grum
  7931 | D:10     | Bought a scroll of teleportation for 39 gold pieces
  7931 | D:10     | Bought a scroll of fear for 45 gold pieces
  7931 | D:10     | Bought a scroll of identify for 26 gold pieces
  7931 | D:10     | Bought a scroll of blinking for 97 gold pieces
  7977 | D:10     | Identified the cursed +1 quarterstaff of the Vanishing
                  | Priests {drain, MR+} (You found it in a bailey)
  7997 | D:10     | Noticed Snorg
  8008 | D:10     | Noticed Urug
  8016 | D:10     | HP: 3/101 [Snorg (13)]
  8016 | D:10     | HP: 1/101 [Snorg (2)]
  8017 | D:10     | Killed Snorg
  8029 | D:10     | Reached skill level 10 in Unarmed Combat
  8037 | D:10     | Killed Urug
  8287 | D:10     | Learned a level 2 spell: Blink
  8503 | D:11     | Found Arys's Assorted Antiques.
  8511 | D:11     | Bought a scroll labeled OMEHIRH DOCH for 31 gold pieces
  8511 | D:11     | Bought a scroll labeled UDDISHR KUTAIN for 31 gold pieces
  8511 | D:11     | Bought a blackened garnet ring for 155 gold pieces
  8517 | D:11     | Noticed a sun demon
  8550 | D:11     | Reached skill level 5 in Fighting
  8557 | D:11     | Reached ***** piety under Cheibriados
  8696 | D:11     | Found a staircase to the Lair.
  8696 | D:11     | Found Xiutt's Armour Emporium.
  8702 | D:11     | Found a frozen archway.
  8702 | D:11     | Noticed a purple ugly thing
  8721 | D:11     | Killed a purple ugly thing
  8754 | D:11     | Reached XP level 12. HP: 57/111 MP: 14/14
  8782 | IceCv    | Entered an ice cave
  8801 | IceCv    | Found a transporter.
  8891 | D:11     | Found Omitac's Antique Weapon Shoppe.
  8970 | D:11     | Found Toirghoj's Gadget Shoppe.
  9066 | D:11     | Noticed terminal's ghost (novice TrMo)
  9068 | D:11     | Found a runed translucent door.
  9169 | D:12     | Found a basalt altar of Yredelemnul.
  9170 | D:12     | Noticed a two-headed ogre
  9258 | D:12     | Noticed a two-headed ogre
  9262 | D:12     | Killed a two-headed ogre
  9267 | D:12     | Killed a two-headed ogre
  9267 | D:12     | Reached skill level 11 in Unarmed Combat
  9390 | D:12     | Noticed a two-headed ogre
  9391 | D:12     | Noticed a stone giant
  9391 | D:12     | Noticed a two-headed ogre
  9396 | D:12     | Killed a two-headed ogre
  9401 | D:12     | Noticed a two-headed ogre
  9401 | D:12     | Noticed a two-headed ogre
  9405 | D:12     | Noticed a two-headed ogre
  9412 | D:12     | HP: 4/111 [stone giant (9)]
  9414 | D:12     | Killed a stone giant
  9414 | D:12     | Reached skill level 1 in Translocations
  9416 | D:12     | Slain by a two-headed ogre

Illustrated notes

Levels and vault maps discovered:
D:1:      nzn_arrival_crosshair, layout_loops_ring
D:2:      layout_loops_cross, uniq_natasha, uniq_terence
D:3:      layout_loops_ring, lemuel_coloured_pillars_altar
D:4:      minmay_thinvault, layout_basic, first_ration, uniq_robin
D:5:      layout_basic, serial_shops, nicolae_shop_trees, minivault_14,
          minmay_misc_feat_roman
D:6:      layout_loops_ring
D:7:      layout_basic, chequers_temple_overflow_minitemple,
          minmay_temple_entry_offerings, gammafunk_ghost_cemetery
D:8:      layout_loops_cross, enter_bailey_3, uniq_harold, uniq_psyche
D:9:      layout_rooms, marbit_many_paths, xom_butterflies, uniq_pikel
D:10:     layout_cave_pools, serial_shops, nicolae_shop_crystal,
          hangedman_pestilent_swarm, kennysheep_generic_room_15, uniq_grum,
          uniq_urug, uniq_snorg
D:11:     layout_cave_pools, lair_entry_dummy, gammafunk_ghost_grave,
          portal_ice_cave_rime, serial_shops, nicolae_shop_overgrown_old_shop,
          nicolae_shop_overgrown_old_shop, shop, shop
D:12:     minmay_roctagon, layout_loops_ring, zombieorc2_lemuel,
          yredelemnul_altar_generic
Temple:   minmay_temple_curvy_branch

Skill      XL: |  1  2  3  4  5  6  7  8  9 10 11 12 |
---------------+-------------------------------------+-----
Dodging        | 3 4 5 6 7 |  7.9
Throwing       | 1 2 |  2.1
Unarmed Combat | 4 5 6 7 8 9 10 11 | 11.1
Shields        | 1 3 4 6 7 9 |  9.6
Evocations     | 2 3 4 |  4.5
Fighting       | 3 4 5 |  5.7
Invocations    | 1 3 4 |  4.7
Translocations | 1 |  1.1
Stealth        | |  1.0
Spellcasting   | |  0.8

Action                   |  1- 3 |  4- 6 |  7- 9 | 10-12 || total
-------------------------+-------+-------+-------+-------++-------
Melee: Unarmed           |    84 |   187 |   366 |   479 ||  1116
       Punch             |     2 |     1 |       |       ||     3
Throw: Stone             |       |    27 |    50 |    21 ||    98
       Boomerang         |       |       |     7 |    22 ||    29
       Dart              |       |       |    15 |    18 ||    33
Invok: Bend Time         |       |       |     2 |    21 ||    23
       Slouch            |       |       |       |     3 ||     3
Evoke: Wand              |       |       |     7 |     9 ||    16
  Use: Potion            |     1 |       |       |     5 ||     6
       Scroll            |       |     3 |     7 |    22 ||    32
 Stab: Sleeping          |     1 |     2 |     7 |    11 ||    21
       Distracted        |       |       |     1 |     1 ||     2
       Confused          |       |       |       |     4 ||     4
  Eat: Chunk             |    12 |    18 |    34 |    25 ||    89
Armor: Robe              |    29 |    46 |    67 |    59 ||   201
Dodge: Dodged            |    51 |    58 |    51 |   127 ||   287
Block: Tower shield      |       |    74 |   253 |   473 ||   800
